 Dungeon Crawl Stone Soup version 0.22-a0-315-ge0921bb (webtiles) character file.

318 JeffiDaFish the Digger (level 6, -1/33 HPs)
             Began as a Gargoyle Earth Elementalist on Apr 1, 2018.
             Slain by a quasit (2 damage)
             ... summoned by Eustachio
             ... on level 4 of the Dungeon.
             The game lasted 00:11:14 (4853 turns).

JeffiDaFish the Digger (GrEE)                       Turns: 4853, Time: 00:11:15

Health: -1/33      AC:  8    Str: 21 (22) XL:     6   Next: 45%
Magic:  1/12       EV: 12    Int: 17      God:
Gold:   204        SH:  0    Dex: 11 (12) Spells: 4/13 levels left

rFire    . . .     SeeInvis .   q - +4 spear
rCold    . . .     Gourm    .   (no shield)
rNeg     + . .     Faith    .   r - +1 robe
rPois    ∞         Spirit   .   s - +0 helmet
rElec    +         Reflect  .   (no cloak)
rCorr    +         Harm     .   (no gloves)
MR       .....                  (no boots)
Stlth    ++........             (no amulet)
HPRegen  0.11/turn              e - +5 ring of strength
MPRegen  0.13/turn              k - ring of resist corrosion

@: mighty
A: agile 1, deterioration 1, negative energy resistance 1, electricity
resistance, unbreathing, petrification resistance, rot immunity, AC +4
a: no special abilities


You were on level 4 of the Dungeon.
You were not hungry.

You visited 1 branch of the dungeon, and saw 4 of its levels.

You collected 204 gold pieces.

Inventory:

Hand Weapons
 o - a +0 morningstar
 q - a +4 spear (weapon)
Missiles
 b - 96 stones (quivered)
Armour
 r - a +1 robe (worn)
 s - a +0 helmet (worn)
Jewellery
 e - a +5 ring of strength (left hand)
 k - a ring of resist corrosion (right hand)
Wands
 l - a wand of iceblast (5)
 m - a wand of digging (6)
Scrolls
 a - a scroll of identify
 g - 2 scrolls of remove curse
 p - 2 scrolls of amnesia
Potions
 f - a potion of flight
 j - a potion of resistance
 n - a potion of curing
Comestibles
 c - a chunk of flesh
 d - 7 rations


   Skills:
 + Level 0.8 Fighting
 - Level 1.5 Dodging
 - Level 2.1 Stealth
 * Level 4.4 Spellcasting
 + Level 0.9 Conjurations
   Level 0.7 Transmutations
 + Level 6.2 Earth Magic


You had 4 spell levels left.
You knew the following spells:

 Your Spells              Type           Power        Failure   Level  Hunger
a - Sandblast             Erth           ####..       1%          1    None
b - Stone Arrow           Conj/Erth      ###...       11%         3    ###....
c - Lee's Rapid Deconstr  Erth           ####......   32%         5    ######.


Dungeon Overview and Level Annotations

Branches:
Dungeon (4/15)
 Temple: D:4-7

Altars:
Ashenzari
Zin

Annotations:
D:4 Eustachio


Innate Abilities, Weirdness & Mutations

You are resistant to torment.
Your stone body is resilient. (AC +4)
You are immune to poison.
You resist negative energy. (rN+)
You are resistant to electric shocks. (rElec)
You can survive without breathing.
You are immune to petrification.
You are immune to rotting.
You are agile. (Dex +2)
Your body sometimes deteriorates upon taking damage.


Message History

The quasit closely misses you.
The quasit claws you but does no damage.
The white imp shouts, "Submit, thou droning weather-bitten mish-mash!"
The white imp barely misses you. The rat barely misses you.
The river rat bites you but does no damage.
The quasit bites you but does no damage.
The quasit claws you but does no damage. x2
The white imp gestures at you. The puff of frost hits you!
* * * LOW HITPOINT WARNING * * *
The rat bites you but does no damage.
Unknown command.
As you read the scroll of fear, it crumbles to dust.
You assume a fearsome visage.
The white imp is unaffected.
The iron imp is unaffected.
The quasit is unaffected.
The river rat looks frightened!
The rat looks frightened! x2
Eustachio looks frightened!
The white imp disappears in a puff of smoke!
The quasit bites you.
You die...

...........#.# .#
.......###.#.## #
......####.#.#..
.........#
..#'#### .
.....###.#
##.....# ..
.....# #.#
#.....# ...
.....#
#.####...§.# ....
.....#
#...##..55r#
..... .....#
#...##.r§@r#...##
.....#
#.#.##...@......#
.....#
#.#.##.....#....#
#....#
#.._.......#....#
#....#
###.#......# ...#
#....# #...######
.... #....# #####
##.# #....# .
######


You could see Eustachio (fleeing), an iron imp, a quasit, a river rat (fleeing)
and 2 rats.

Vanquished Creatures
  A scorpion (D:4)
  A howler monkey (D:4)
  A crimson imp (D:4)
  A worker ant (D:4)
  Robin (D:4)
  A howler monkey skeleton (D:4)
  3 gnolls (D:2)
  An adder (D:2)
  An ooze (D:1)
  3 worms
  4 dart slugs
  A leopard gecko (D:1)
  5 bats
  6 giant cockroaches
  19 goblins
  8 hobgoblins
  12 jackals
  2 quokkas
  2 ball pythons (D:2)
  5 frilled lizards
  6 kobolds
  7 rats
91 creatures vanquished.

Notes
Turn   | Place    | Note
-------+----------+-------------------------------------------
     0 | D:1      | JeffiDaFish the Gargoyle Earth Elementalist began the quest for the Orb.
     0 | D:1      | Reached XP level 1. HP: 10/10 MP: 3/3
   234 | D:1      | Reached XP level 2. HP: 9/15 MP: 0/5
   473 | D:1      | Reached skill level 4 in Earth Magic
   812 | D:1      | Gained mutation: Your body sometimes deteriorates upon taking damage. [potion of mutation]
   812 | D:1      | Gained mutation: You are agile. (Dex +2) [potion of mutation]
  1232 | D:1      | Reached XP level 3. HP: 19/19 MP: 4/6
  1384 | D:1      | Learned a level 3 spell: Stone Arrow
  1862 | D:2      | Reached XP level 4. HP: 16/24 MP: 5/8
  2123 | D:2      | Reached skill level 5 in Earth Magic
  2231 | D:2      | Found a glowing silver altar of Zin.
  3035 | D:3      | Reached XP level 5. HP: 14/28 MP: 6/10
  3292 | D:3      | Learned a level 5 spell: Lee's Rapid Deconstruction
  3811 | D:4      | Reached skill level 6 in Earth Magic
  3811 | D:4      | Reached XP level 6. HP: 16/32 MP: 7/12
  4132 | D:4      | Noticed Robin
  4229 | D:4      | Killed Robin
  4823 | D:4      | Found a shattered altar of Ashenzari.
  4837 | D:4      | Noticed Eustachio
  4852 | D:4      | HP: 1/33 [white imp/puff of frost[Eustachio] (8)]
  4853 | D:4      | Slain by a quasit

Vault maps used:
D:1:      sevenhm_arrival_forest_fort_large_4
D:2:      old_standard_altar, st_stairs_9, kennysheep_boxes
D:4:      kennysheep_goblin_castle, ashenzari_altar_1, first_ration, hex_tiny,
          uniq_eustachio

Skill      XL: |  1  2  3  4  5 |
---------------+----------------+-----
Earth Magic    | 4 5 6 |  6.2
Spellcasting   | 3 4 |  4.4
Fighting       | |  0.8
Dodging        | |  1.5
Stealth        | |  2.1
Conjurations   | |  0.9
Transmutations | |  0.7

Action                   |  1- 3 |  4- 6 || total
-------------------------+-------+-------++-------
Melee: Dagger            |    28 |       ||    28
       Spear             |    17 |   155 ||   172
 Cast: Sandblast         |    30 |    17 ||    47
       Stone Arrow       |       |    11 ||    11
  Use: Potion            |     4 |     8 ||    12
       Scroll            |     3 |     8 ||    11
 Stab: Sleeping          |     2 |     7 ||     9
  Eat: Chunk             |     3 |    11 ||    14
Armor: Robe              |    14 |    86 ||   100
Dodge: Dodged            |    30 |   138 ||   168

Table legend:
 A = Spawn XP
 B = Non-spawn XP
 C = Spawn XP percentage of total XP
 D = Spawn monster count
 E = Non-spawn monster count
 F = Spawn count percentage of total count
 G = Total turns spent on level
                    A         B        C        D         E        F      G
               +---------+---------+-------+---------+---------+-------+---------
         Total |       0 |     455 |   0.0 |       0 |      91 |   0.0 |  4853
               +---------+---------+-------+---------+---------+-------+---------
           D:1 |       0 |      50 |   0.0 |       0 |      22 |   0.0 |  2062
           D:2 |       0 |      98 |   0.0 |       0 |      24 |   0.0 |   861
           D:3 |       0 |      29 |   0.0 |       0 |      17 |   0.0 |   815
           D:4 |       0 |     278 |   0.0 |       0 |      28 |   0.0 |  1115
               +---------+---------+-------+---------+---------+-------+---------
